 Dungeon Crawl Stone Soup version 0.29-a0-459-g97dee8cd24 (webtiles) character file.

Game seed: 9697678152254039838

49 happo123 the Ducker (level 4, -3/31 HPs)
             Began as a Djinni Earth Elementalist on May 20, 2022.
             Slain by a goblin
             ... wielding a +0 dagger
             ... led by Robin
              (4 damage)
             ... on level 1 of the Dungeon.
             The game lasted 00:07:26 (1150 turns).

happo123 the Ducker (Djinni Earth Elementalist)     Turns: 1150, Time: 00:07:27

Health: -3/31      AC:  2    Str:  7    XL:     4   Next: 1%
Gold:   0          EV: 12    Int: 18    God:
                   SH:  0    Dex: 14

rFire   + + .      SeeInvis .   k - +0 hand axe
rCold   x . .      Faith    .   (no shield)
rNeg    . . .      Spirit   .   b - +0 robe
rPois   ∞          Reflect  .   (no helmet)
rElec   .          Harm     .   j - scarf {+Inv}
rCorr   .          Rampage  .   (no gloves)
Will    .....                   (boots unavailable)
Stlth   ++........              (no amulet)
HPRegen 0.10/turn               (no ring)
MPRegen 0.00/turn               (no ring)

@: flying
A: sickness immunity, fire resistance 2, cold vulnerability 1, float, innate
caster, HP casting, extra vitality 1
a: Evoke Invisibility


You were on level 1 of the Dungeon.
You visited 1 branch of the dungeon, and saw 2 of its levels.

Inventory:

Hand Weapons
 k - a +0 hand axe (weapon)
Missiles
 a - 52 stones
Armour
 b - a +0 robe (worn)
 j - a scarf of invisibility (worn)
Scrolls
 c - 3 scrolls of torment {unknown}
 d - 2 scrolls of amnesia {unknown}
 e - a scroll of enchant weapon {unknown}
 f - a scroll of identify {unknown}
 g - a scroll of enchant armour {unknown}
 h - a scroll of teleportation {unknown}
Potions
 i - a potion of resistance {unknown}


   Skills:
 + Level 0.5 Fighting
 + Level 0.3 Armour
 + Level 2.8 Dodging
 * Level 2.3 Stealth
 * Level 2.8 Spellcasting
 + Level 0.3 Evocations


You couldn't memorise any spells.
You knew the following spells:

 Your Spells              Type           Power      Damage    Failure   Level
a - Sandblast             Erth           24%        2d8       5%          1
b - Passwall              Tmut/Erth      10%        N/A       8%          2
c - Stone Arrow           Conj/Erth      24%        3d8       16%         3
d - Petrify               Tmut/Erth      12%        N/A       45%         4
e - Slow                  Hex            48%        N/A       5%          1
Your spell library was empty.

Dungeon Overview and Level Annotations

Branches:
Dungeon (2/15)

Altars:

Annotations:
D:2 Robin, Sigmund


Innate Abilities, Weirdness & Mutations

You are immune to sickness and miasma.
You are immune to poison.
Your flesh is very heat resistant. (rF++)
You are vulnerable to cold. (rC-)
You float through the air rather than walking.
You learn spells naturally, not from books.
Your magical power is your life essence.
You have superior vitality. (+4 MHP)


Message History

You fly upwards.
There is a stone staircase leading down here.
Aiming: Sandblast (safe; 5% risk of failure)
Press: ? - help, Q - select action, (/) - cycle Shift-Dir - straight line, f - adder
Aim: an adder (heavily wounded, 66% to hit)
The blast of sand hits the adder.
You kill the adder!
You have reached level 4!
You feel agile.
You see here a +0 dagger.
There is an open door here.
There is a stone staircase leading down here.
You fly downwards.
Level annotation: Sigmund Robin shouts!
The goblin shouts! x3; The hobgoblin shouts!
The goblin shouts! x2
The kobold shouts!
The goblin shouts! x4
Found a stone staircase leading down.
There is a stone staircase leading up here.
Robin says, "We wiped out the hill dwarves - you're next!"
Robin roars a battlecry!
The goblins go into a battle-frenzy!
The hobgoblin closely misses you.
The goblin hits you with a +0 dagger. x2
The goblin hits you with a +0 club.
* * * LOW HITPOINT WARNING * * *
You fly upwards.
There is a stone staircase leading down here.
Aiming: Sandblast (safe; 5% risk of failure)
Press: ? - help, Q - select action, (/) - cycle Shift-Dir - straight line, f - goblin
Aim: a goblin, wielding a +0 club (strong, 74% to hit)
The blast of sand misses the goblin.
* * * LOW HITPOINT WARNING * * *
The goblin barely misses you. The goblin closely misses you.
The goblin misses you.
You miss the goblin. You closely miss the goblin. You hit the goblin.
The goblin hits you with a +0 dagger.
* * * LOW HITPOINT WARNING * * *
The goblin hits you with a +0 dagger.
* * * LOW HITPOINT WARNING * * *
The goblin hits you but does no damage. The goblin hits you with a +0 dagger.
You die...

...# #.##.# ...# #†##.#
...# #.##.# ..†#######
#.##.# ...'.....# #.##.#
...#####.####.##.#
...............#.#
######.........#g#
.....+........gg@#
######.....[_..#g#
#.........#.#
#####.....#.# ##..###.#
## ##.###.# .# #..##.#
.############.##.#
............#..#'#######


You could see a hobgoblin (strong) and 3 goblins.

Vanquished Creatures
  2 adders
  A dart slug (D:1)
  3 endoplasms
  3 giant cockroaches (D:1)
  3 goblins
  3 hobgoblins
  2 jackals (D:1)
  3 kobolds (D:1)
  2 bats (D:1)
  A frilled lizard (D:1)
  3 rats (D:1)
26 creatures vanquished.

Notes
Turn   | Place    | Note
-------+----------+-------------------------------------------
     0 | D:1      | happo123 the Djinni Earth Elementalist began the quest for
                  | the Orb.
     0 | D:1      | Reached XP level 1. HP: 15/15 MP: 0/0
   106 | D:1      | Found a faded altar of an unknown god.
   234 | D:1      | Reached XP level 2. HP: 17/21 MP: 0/0
   573 | D:1      | Reached XP level 3. HP: 17/25 MP: 0/0
   573 | D:1      | Learned a level 1 spell: Slow
  1112 | D:2      | Noticed Sigmund
  1123 | D:1      | Reached XP level 4. HP: 11/31 MP: 0/0
  1146 | D:2      | Noticed Robin
  1150 | D:1      | HP: 1/31 [goblin/+0 dagger[Robin] (1)]
  1150 | D:1      | Slain by a goblin

Illustrated notes

Levels and vault maps discovered:
D:1:      dpeg_arrival_shelter, layout_basic,
          ebering_ecumenical_altar_sacrificial
D:2:      layout_rooms, uniq_robin, uniq_sigmund

Skill      XL: |  1  2 |
---------------+-------+-----
Stealth        | 2 |  2.3
Fighting       | |  0.5
Armour         | |  0.3
Dodging        | |  2.8
Spellcasting   | |  2.8
Evocations     | |  0.3

Action                   |  1- 3 |  4- 6 || total
-------------------------+-------+-------++-------
Melee: Hand axe          |       |     1 ||     1
 Cast: Sandblast         |    40 |     1 ||    41
       Passwall          |     7 |       ||     7
       Stone Arrow       |     2 |       ||     2
Armor: Robe              |     2 |     1 ||     3
Dodge: Dodged            |     4 |     4 ||     8

Table legend: (Time is in decaauts)
 A = Elapsed time spent in this place.
 B = Non-inter-level travel time spent in this place.
 C = Inter-level travel time spent in this place.
 D = Time resting spent in this place.
 E = Time spent auto-exploring this place.
 F = Levels seen in this place.
 G = Mean time per level.
                   A        B        C        D        E       F      G
               +--------+--------+--------+--------+--------+-----+--------+
         Total |   1150 |    453 |    697 |      0 |    297 |   2 |  575.0 |
       Dungeon |   1150 |    453 |    697 |      0 |    297 |   2 |  575.0 |
               +--------+--------+--------+--------+--------+-----+--------+

Top non-repeatable levels by time:
     D:1: 1123 daAuts
     D:2: 26 daAuts
